 Dungeon Crawl Stone Soup version 0.28-b1-25-g9875b3fc8c (webtiles) character file.

Game seed: 2927337113460699149

18434 inmateoo the Martial Artist (level 12, -14/95 HPs)
             Began as a Demonspawn Ice Elementalist on Feb 7, 2022.
             Was a High Priest of Cheibriados.
             Shot with an arrow by Nessos (21 damage)
             ... on level 12 of the Dungeon.
             The game lasted 00:23:29 (16976 turns).

inmateoo the Martial Artist (DsIE)                 Turns: 16976, Time: 00:23:30

Health: -14/95     AC: 10    Str: 22    XL:     12   Next: 27%
Magic:  12/18      EV: 15    Int: 38    God:    Cheibriados [*****.]
Gold:   510        SH:  0    Dex: 26    Spells: 11/19 levels left

rFire   . . .      SeeInvis .     - Unarmed
rCold   . . .      Faith    .   (no shield)
rNeg    . . .      Spirit   .   c - +0 troll leather armour
rPois   .          Reflect  .   (helmet restricted)
rElec   .          Harm     .   (no cloak)
rCorr   .          Rampage  .   (gloves unavailable)
Will    .....                   m - +0 pair of boots
Stlth   ++........              (no amulet)
HPRegen 1.05/turn               e - +6 ring of intelligence
MPRegen 0.16/turn               q - +4 ring of protection

@: lethally poisoned (-14 -> -16), very slow
A: antennae 1, claws 3, demonic guardian 2, demonic magic 2, weakness stinger 1
a: Renounce Religion, Bend Time, Temporal Distortion, Slouch, Step From Time


You were on level 12 of the Dungeon.
You worshipped Cheibriados.
Cheibriados was extremely pleased with you.
You visited 1 branch of the dungeon, and saw 12 of its levels.
You also visited: Bailey.

You collected 510 gold pieces.

Inventory:

Missiles
 l - 21 boomerangs (quivered)
 p - 2 throwing nets
Armour
 c - a +0 troll leather armour (worn)
 m - a +0 pair of boots (worn)
Magical Staves
 d - a staff of poison
Jewellery
 e - a +6 ring of intelligence (left claw)
 g - a ring of ice
 q - a +4 ring of protection (right claw)
 t - a +6 ring of dexterity
Wands
 n - a wand of iceblast (37)
 u - a wand of flame (36)
Scrolls
 f - 9 scrolls of identify
 j - 2 scrolls of enchant armour
 y - a scroll of magic mapping
Potions
 a - 2 potions of cancellation
 b - a potion of heal wounds
 h - a potion of magic
 o - 3 potions of mutation
 r - a potion of attraction
 s - 3 potions of curing
 v - a potion of lignification
 x - 2 potions of ambrosia
 z - a potion of might
Miscellaneous
 w - a lightning rod (1/4)


   Skills:
 + Level 9.3 Fighting
 * Level 8.0 Armour
 + Level 4.6 Dodging
 - Level 2.0 Stealth
 + Level 12.7 Unarmed Combat
 - Level 4.0 Spellcasting
 - Level 4.0 Ice Magic
 + Level 5.9 Invocations


You had 11 spell levels left.
You knew the following spells:

 Your Spells              Type           Power      Damage    Failure   Level
a - Beastly Appendage     Tmut           14%        N/A       4%          1
b - Wereblood             Tmut           7%         N/A       6%          2
c - Freeze                Ice            100%       1d11      1%          1
d - Frozen Ramparts       Ice            76%        1d9       2%          3
f - Apportation           Tloc           14%        N/A       4%          1

Your spell library contained the following spells:

 Spells                   Type           Power      Damage    Failure   Level
 Ozocubu's Armour         Ice            38%        N/A       2%          3
 Shock                    Conj/Air       28%        1d4       4%          1
 Gell's Gravitas          Tloc           7%         N/A       12%         3
 Ignite Poison            Fire/Tmut/Pois 7%         N/A       12%         3
 Mephitic Cloud           Conj/Pois/Air  7%         N/A       12%         3
 Spider Form              Tmut/Pois      7%         N/A       12%         3
 Swiftness                Air            7%         N/A       12%         3
 Teleport Other           Tloc           7%         N/A       12%         3
 Hailstorm                Conj/Ice       22%        3d7       19%         4
 Airstrike                Air            3%         N/A       38%         4
 Freezing Cloud           Conj/Ice/Air   8%         6-21      56%         5
 Alistair's Intoxication  Tmut/Pois      4%         N/A       75%         5
 Dispersal                Tloc           3%         N/A       99%         6
 Enfeeble                 Hex            3%         N/A       100%        7
 Disjunction              Tloc           3%         N/A       100%        8


Dungeon Overview and Level Annotations

Branches:
Dungeon (12/15)            Temple (0/1) D:7            Lair (0/6) D:11
 Bailey (visited)
    Orc: D:9-12

Altars:
Ashenzari
Cheibriados
Hepliaklqana
Ru
Sif Muna
Vehumet
Wu Jian
Xom
Zin
Jiyva

Shops:
D:5 :

Annotations:
D:8 3 runed translucent doors, bl3nd3r's ghost, novice MfGl
D:12 Nessos


Innate Abilities, Weirdness & Mutations

You have a pair of small antennae on your head.
You have claws for hands.
A demonic guardian rushes to your aid.
Spells you cast may paralyse nearby enemies.
You have a small tail.


Message History

Casting: Freeze (safe; 1% risk of failure)
Confirm with . or Enter, or press ? or * to list all spells.
Casting: Frozen Ramparts (mildly dangerous; 2% risk of failure)
Press: ? - help, Dir - look around, f - activate The walls around you are covered in ice.
Malevolent energies surge around you.
Erolcha suddenly stops moving!
You feel sick.
Nessos pounds the earth with their hooves.
The wall freezes Nessos.
The wall freezes Erolcha!
The helpless Erolcha fails to defend herself.
You eviscerate Erolcha!!!
Erolcha is almost dead.
You feel sick.
The wall freezes Nessos. x2
Nessos unwields a +2 longbow of flaming.
It stops flaming.
Nessos hits you!
A demonic guardian appears!
Nessos barely misses you.
The wall freezes Erolcha.
You kill Erolcha!
Your Armour skill increases to level 8!
You completely miss Nessos.
Nessos is lightly wounded.
You feel sick.
The wall freezes Nessos.
Nessos casts a spell.
Nessos blinks!
Your frozen ramparts will break if you move.
Continue?
Okay, then.
Your frozen ramparts will break if you move.
Continue?
The frozen ramparts melt away as you move.
You feel sick.
Nessos gestures wildly while chanting.
Nessos blinks!
Nessos wields a +2 longbow of flaming.
It bursts into flame!
Nessos shoots an arrow.
The arrow hits you! The arrow burns you!
You are more poisoned.
You feel very sick.
Nessos casts a spell.
Nessos blinks!
Nessos shoots an arrow.
The arrow hits you!!
* * * LOW HITPOINT WARNING * * *
The arrow burns you.
* * * LOW HITPOINT WARNING * * *
Nessos shoots an arrow.
The arrow hits you!!
You die...

#≈≈.... .....
#######≈≈.#.##.... ≈≈≈≈≈≈≈≈≈..
..... ≈≈≈≈≈≈≈.# #... .......#
#..# .. #....# #..#
..#######..# ##..#
.........<.####.@.#
........##..)c..#.#
###.#.#.###§.4###.#
......#.§...#.###.# #######
##.....#.......##.### #.....#
###..†...###........# #.....#
................#.#.###.....###
#...####..........#...#........
....# ##.....#...###.......#


You could see Nessos (fast, ally target) and a friendly rust devil (summoned).

Vanquished Creatures
  A hydra (D:12)
  Erolcha (D:12)
  2 two-headed ogres
  Erica (D:9)
  An orc knight (Bailey)
  A cyclops (D:11)
  A gargoyle (D:9)
  An unseen horror (D:12)
  2 komodo dragons
  5 kobold demonologists
  A meliai (D:10)
  4 trolls
  A hornet (D:9)
  Grinder (D:3)
  2 shadows (D:11)
  A centaur simulacrum (D:11)
  4 wyverns
  A water elemental (D:12)
  A wraith (D:9)
  3 basilisks (D:11)
  16 yaks
  A steam dragon (D:10)
  Eustachio (D:3)
  An acid dragon (D:8)
  A water moccasin (D:9)
  A sky beast (D:5)
  A swamp drake (D:11)
  An ice beast (D:5)
  5 orc warriors
  2 ogres (D:6)
  8 centaurs
  A phantom (D:4)
  Blork the orc (D:5)
  10 kobold brigands
  A bullfrog (D:8)
  2 gnoll sergeants
  A scorpion (D:2)
  2 water moccasin zombies
  14 killer bees
  9 wights
  6 howler monkeys
  3 centaur zombies
  2 hounds
  2 bullfrog skeletons (D:4)
  7 jellies
  5 orc priests
  A centaur skeleton (D:5)
  Jessica (D:2)
  5 iguanas
  Natasha (thrice) (D:4)
  4 orc wizards
  A statue (D:6)
  2 killer bee zombies (D:6)
  2 hound skeletons (D:5)
  2 howler monkey zombies
  7 adders
  21 gnolls
  An adder zombie (D:5)
  An adder skeleton (D:4)
  A worm (D:2)
  30 orcs
  10 ball pythons
  2 bats
  10 endoplasms
  3 giant cockroaches (D:2)
  8 goblins
  6 hobgoblins
  4 jackals (D:4)
  26 kobolds
  A quokka (D:5)
  A ball python skeleton (D:2)
  5 frilled lizards (D:2)
  A jackal zombie (D:7)
  3 quokka zombies (D:2)
  7 rats
308 creatures vanquished.

Vanquished Creatures (collateral kills)
  2 orc warriors
  A kobold brigand (Bailey)
  A gnoll shaman (D:10)
  An iguana (D:5)
  Ijyb (D:3)
  An orc wizard (D:7)
  An orc (D:7)
  A bat (D:3)
  2 quokkas
11 creatures vanquished.

Vanquished Creatures (others)
  A goblin (D:4)
  3 withered plants (D:2)
4 creatures vanquished.

Grand Total: 323 creatures vanquished

Notes
Turn   | Place    | Note
-------+----------+-------------------------------------------
     0 | D:1      | inmateoo the Demonspawn Ice Elementalist began the quest
                  | for the Orb.
     0 | D:1      | Reached XP level 1. HP: 13/13 MP: 3/3
   306 | D:1      | Gained mutation: A weak demonic guardian rushes to your
                  | aid. [demonic ancestry]
   306 | D:1      | Reached XP level 2. HP: 13/19 MP: 0/5
   397 | D:1      | Learned a level 1 spell: Beastly Appendage
  1670 | D:2      | Noticed Jessica
  1675 | D:2      | Killed Jessica
  1676 | D:2      | Reached skill level 1 in Fighting
  1676 | D:2      | Reached skill level 1 in Unarmed Combat
  1676 | D:2      | Discovered your monstrous ancestry.
  1676 | D:2      | Gained mutation: You have a pair of small antennae on your
                  | head. [demonic ancestry]
  1676 | D:2      | Reached XP level 3. HP: 24/26 MP: 1/6
  1936 | D:2      | Learned a level 3 spell: Frozen Ramparts
  1939 | D:2      | Learned a level 2 spell: Wereblood
  1990 | D:1      | Gained mutation: Spells you cast may paralyse adjacent
                  | enemies. [demonic ancestry]
  1990 | D:1      | Reached XP level 4. HP: 5/32 MP: 4/7
  2329 | D:2      | Noticed a scorpion
  2336 | D:2      | Killed a scorpion
  2337 | D:2      | Reached skill level 2 in Unarmed Combat
  2341 | D:2      | Gained mutation: You have a small tail. [demonic ancestry]
  2341 | D:2      | Reached XP level 5. HP: 24/38 MP: 0/9
  3461 | D:3      | Noticed Grinder
  3463 | D:3      | Paralysed by Grinder for 2 turns
  4304 | D:3      | Killed Grinder
  4305 | D:3      | Reached skill level 3 in Unarmed Combat
  4305 | D:3      | Gained mutation: You have sharp fingernails. [demonic
                  | ancestry]
  4305 | D:3      | Reached XP level 6. HP: 26/47 MP: 1/11
  4508 | D:3      | Noticed Ijyb
  4526 | D:3      | Killed Ijyb
  4947 | D:4      | Noticed Eustachio
  5222 | D:3      | Killed Eustachio
  5223 | D:3      | Gained mutation: You have very sharp fingernails. [demonic
                  | ancestry]
  5223 | D:3      | Reached XP level 7. HP: 38/54 MP: 5/13
  5495 | D:3      | Learned a level 3 spell: Ozocubu's Armour
  5497 | D:3      | Learned a level 1 spell: Apportation
  5542 | D:4      | Reached skill level 4 in Unarmed Combat
  5810 | D:4      | Identified a scroll of acquirement
  6130 | D:4      | Reached skill level 5 in Fighting
  6132 | D:4      | Noticed Natasha
  6140 | D:4      | Reached skill level 5 in Unarmed Combat
  6143 | D:4      | Killed Natasha
  6150 | D:4      | Acquired the +0 staff of Battle
  6150 | D:4      | Found the +0 staff of Battle
  6177 | D:4      | Noticed Natasha
  6185 | D:4      | Killed Natasha
  6201 | D:5      | Entered Level 5 of the Dungeon
  6273 | D:5      | Reached XP level 8. HP: 59/62 MP: 9/14
  6945 | D:5      | Noticed Blork the orc
  6953 | D:5      | Killed Blork the orc
  6954 | D:5      | Reached skill level 6 in Unarmed Combat
  7062 | D:5      | Found Ryk Fizu's Book Boutique.
  7812 | D:4      | Noticed Natasha
  7819 | D:4      | Killed Natasha
  7820 | D:4      | Reached skill level 7 in Unarmed Combat
  7923 | D:6      | Found a snail-covered altar of Cheibriados.
  8024 | D:6      | Reached skill level 8 in Unarmed Combat
  8039 | D:6      | HP: 3/62 [killer bee (7)]
  8040 | D:6      | HP: 1/62 [poisoned by a killer bee]
  8133 | D:6      | Became a worshipper of Cheibriados the Contemplative
  9036 | D:6      | Gained mutation: You have claws for hands. [demonic
                  | ancestry]
  9036 | D:6      | Reached XP level 9. HP: 61/68 MP: 15/15
  9682 | D:6      | Reached skill level 9 in Unarmed Combat
 10311 | D:7      | Reached * piety under Cheibriados
 10339 | D:7      | Reached skill level 1 in Armour
 10431 | D:7      | Found a shimmering altar of Xom.
 10579 | D:7      | Found a sacrificial altar of Ru.
 10589 | D:7      | Found a shimmering blue altar of Sif Muna.
 10617 | D:7      | Found an ornate altar of the Wu Jian Council.
 10619 | D:7      | Found a broken altar of Ashenzari.
 10648 | D:7      | Found a staircase to the Ecumenical Temple.
 11567 | D:8      | Noticed a troll
 11659 | D:6      | Found a radiant altar of Vehumet.
 12217 | D:7      | Killed a troll
 12413 | D:8      | Found a runed translucent gate.
 12413 | D:8      | Found a runed translucent gate.
 12413 | D:8      | Found a runed translucent gate.
 12453 | D:8      | Reached skill level 10 in Unarmed Combat
 12591 | D:8      | Noticed a troll
 12596 | D:8      | Noticed bl3nd3r's ghost (novice MfGl)
 12611 | D:8      | Killed a troll
 12697 | D:8      | Reached ** piety under Cheibriados
 12723 | D:8      | Gained mutation: A demonic guardian rushes to your aid.
                  | [demonic ancestry]
 12723 | D:8      | Reached XP level 10. HP: 52/77 MP: 14/16
 12758 | D:8      | Found a viscous altar of Jiyva.
 13074 | D:8      | Noticed a two-headed ogre
 13083 | D:8      | Killed a two-headed ogre
 13084 | D:8      | Reached skill level 11 in Unarmed Combat
 13534 | D:9      | Found a hazy altar of Hepliaklqana.
 13642 | D:9      | Found a flagged portal.
 13661 | D:9      | Noticed a gargoyle
 13664 | Bailey   | Entered a bailey
 13688 | Bailey   | Reached *** piety under Cheibriados
 13955 | Bailey   | Identified the +7 chain mail "Uxtotus" {Dex+6}
 13961 | Bailey   | Noticed an orc knight
 13980 | Bailey   | Killed an orc knight
 13983 | Bailey   | Reached skill level 5 in Armour
 13984 | Bailey   | Found an iron altar of Okawaru.
 14140 | D:9      | Killed a gargoyle
 14163 | D:9      | Reached skill level 12 in Unarmed Combat
 14197 | D:9      | Noticed Erica
 14213 | D:9      | Killed Erica
 14214 | D:9      | Reached skill level 1 in Invocations
 14214 | D:9      | Gained mutation: Spells you cast may paralyse nearby
                  | enemies. [demonic ancestry]
 14214 | D:9      | Reached XP level 11. HP: 14/86 MP: 12/17
 14613 | D:10     | Entered Level 10 of the Dungeon
 14714 | D:10     | Got the Reference Book on Quantum Hexes
 14840 | D:10     | Reached **** piety under Cheibriados
 15855 | D:11     | Found a staircase to the Lair.
 15883 | D:11     | Reached ***** piety under Cheibriados
 16394 | D:11     | Reached skill level 5 in Invocations
 16472 | D:11     | Reached XP level 12. HP: 70/95 MP: 18/18
 16637 | D:12     | Noticed a five-headed hydra
 16648 | D:12     | Killed a five-headed hydra
 16653 | D:12     | Noticed a two-headed ogre
 16657 | D:12     | HP: 4/95 [something (5)]
 16689 | D:12     | Killed a two-headed ogre
 16866 | D:12     | Noticed Nessos
 16967 | D:12     | Noticed Erolcha
 16973 | D:12     | Killed Erolcha
 16976 | D:12     | Shot with an arrow by Nessos

Illustrated notes

Levels and vault maps discovered:
D:1:      lemuel_arrival_river_ford, layout_loops_corners, kennysheep_doodads,
          minmay_curled_crystal, chequers_garden, serial_park_tiny_2
D:2:      layout_rooms, serial_undead, serial_undead_d, serial_undead_e,
          serial_undead_c, serial_undead_c, kennysheep_generic_room_3,
          uniq_jessica
D:3:      wander_river, layout_loops_cross, uniq_ijyb, uniq_grinder
D:4:      layout_gridville, fountainhead, uniq_natasha, uniq_eustachio
D:5:      layout_basic, serial_shops, nicolae_diamond_shop, uniq_blork_the_orc
D:6:      layout_cave_pods, mainiacjoe_overflow_tiny_flanked, vehumet_statue
D:7:      layout_layer_cave, nicolae_overflow_hallway_of_the_gods,
          minmay_temple_entry_proselytizer, enter_ossuary_3, st_stairs_14,
          minmay_tree_intersection, hangedman_decor_riveting,
          minmay_door_square, chequers_serial_rivers_micro_e
D:8:      layout_cave_pools, gammafunk_ghost_icy, jiyva_altar_1
D:9:      layout_loops_ring, worldfamousw_hep_ancestral_shrine, enter_bailey_5,
          uniq_erica
D:10:     layout_loops_ring, hangedman_decor_peaks_small,
          small_chamber_with_monster
D:11:     layout_long_grid, erik_lair_dragon, minmay_puff
D:12:     layout_rooms, erik_orc_2, kennysheep_windowed_goal, uniq_erolcha,
          uniq_nessos

Skill      XL: |  1  2  3  4  5  6  7  8  9 10 11 12 |
---------------+-------------------------------------+-----
Dodging        | 2 4 |  4.6
Stealth        | 2 |  2.0
Fighting       | 1 2 3 4 5 6 8 9 |  9.3
Unarmed Combat | 1 2 3 5 8 10 12 | 12.7
Ice Magic      | 4 |  4.0
Spellcasting   | 3 4 |  4.0
Armour         | 3 5 7 8 |  8.0
Invocations    | 1 5 |  5.9

Action                   |  1- 3 |  4- 6 |  7- 9 | 10-12 || total
-------------------------+-------+-------+-------+-------++-------
Melee: Staff             |     3 |       |   103 |       ||   106
       Unarmed           |    61 |    59 |   247 |   282 ||   649
       Kick              |    20 |     4 |    23 |    29 ||    76
       Headbutt          |     5 |       |       |       ||     5
       Tailslap          |       |    10 |    59 |    53 ||   122
       Punch             |       |       |    14 |    19 ||    33
Throw: Boomerang         |       |       |       |     2 ||     2
 Cast: Freeze            |    26 |    70 |    44 |    20 ||   160
       Beastly Appendage |    15 |     8 |    12 |    14 ||    49
       Frozen Ramparts   |       |     4 |     5 |    23 ||    32
       Ozocubu's Armour  |       |       |     3 |       ||     3
       Wereblood         |       |       |     3 |     9 ||    12
Invok: Temporal Distorti |       |       |       |     2 ||     2
Evoke: Wand              |       |       |     7 |     6 ||    13
       Lightning rod     |       |       |       |     4 ||     4
  Use: Potion            |       |     1 |     7 |       ||     8
       Scroll            |       |       |    18 |     8 ||    26
 Stab: Sleeping          |     1 |     1 |     2 |     3 ||     7
       Paralysed         |       |    18 |    23 |    23 ||    64
       Distracted        |       |       |     1 |     3 ||     4
       Invisible         |       |       |     1 |       ||     1
Armor: Robe              |    15 |     9 |    92 |       ||   116
       Chain mail        |       |       |   101 |       ||   101
       Troll leather arm |       |       |    14 |   107 ||   121
Dodge: Dodged            |    61 |    50 |   190 |   222 ||   523
